Map: Triton LE

Players

Epic

  • Race: Terran Terran
  • Spawn Location: 11:00

PappiJoe - Winner!

  • Race: Protoss Protoss
  • Spawn Location: 5:00

VOD

Have the link to the VOD?

Description

Time

  • Played on: Sept. 6, 2019, 1:41 p.m.
  • Length: 12:21
Show
View Real Time Build Order
Export as new Build Order

Epic Terran 

Build Orders:  

Get SALT Encoding   

  12  0:01  SCV  
  13  0:13  SCV  
  14  0:17  Supply Depot  
  14  0:25  SCV  
  15  0:38  SCV  
  15  0:42  Barracks  
  16  0:44  Refinery  
  16  0:50  SCV  
  17  1:03  SCV  
  18  1:15  SCV  
  19  1:29  Orbital Command  
  19  1:32  Marine  
  20  1:49  Command Center  
  20  1:51  Barracks Reactor  
  20  1:56  SCV  
  20  1:59  Supply Depot  
  21  2:05  Refinery  
  21  2:11  Factory  
  21  2:16  SCV  
  22  2:26  Marine  
  22  2:27  Marine  
  22  2:28  SCV  
  25  2:40  SCV  
  25  2:44  Marine x2  
  27  2:52  SCV  
  27  2:56  Widow Mine, Starport  
  30  3:01  Orbital Command  
  30  3:04  SCV  
  31  3:06  Marine  
  31  3:08  Marine  
  33  3:16  SCV  
  33  3:18  Widow Mine  
  36  3:23  Supply Depot  
  36  3:24  Marine  
  36  3:26  Marine  
  38  3:27  SCV  
  38  3:29  SCV  
  40  3:35  Medivac  
  40  3:41  Widow Mine  
  44  3:43  SCV x2  
  44  3:47  Supply Depot  
  46  3:50  Marine x2  
  48  3:56  Bunker  
  48  3:57  SCV x2  
  50  4:09  Barracks  
  50  4:11  Supply Depot, Barracks  
  50  4:13  Factory Tech Lab  
  50  4:14  Starport Tech Lab  
  50  4:18  SCV  
  50  4:20  SCV  
  50  4:22  Marine x2  
  54  4:29  Supply Depot  
  55  4:31  SCV  
  55  4:32  SCV  
  54  4:48  SCV x2  
  54  4:52  Starport Reactor  
  54  4:53  Factory Reactor  
  54  4:56  Marine x2  
  54  5:02  Engineering Bay, SCV x2  
  54  5:03  Refinery  
  54  5:04  Stimpack  
  54  5:05  Marauder  
  54  5:06  Combat Shield, Marauder  
  60  5:13  Supply Depot  
  60  5:14  Marine x2, SCV x2  
  64  5:26  SCV x2  
  64  5:28  Medivac x2  
  68  5:30  Marine x2  
  68  5:32  Marine x2  
  74  5:36  Widow Mine x2, Supply Depot  
  74  5:40  Supply Depot  
  78  5:47  Supply Depot, Terran Infantry Weapons Level 1  
  78  5:50  Marauder  
  78  5:51  Marine x2  
  78  5:53  Marauder  
  84  5:58  Widow Mine  
  84  6:01  Widow Mine  
  88  6:05  Supply Depot  
  88  6:11  Command Center  
  88  6:13  Marine x2  
  88  6:14  Marauder  
  88  6:15  Marauder  
  94  6:20  Widow Mine  
  94  6:22  Widow Mine, Supply Depot  
  98  6:26  Concussive Shells  
  98  6:28  Supply Depot  
  98  6:31  Marine x2  
  100  6:35  Marauder  
  100  6:36  Marauder  
  103  6:50  Marine x2  
  105  6:56  SCV  
  105  6:57  SCV  
  105  6:58  Medivac x2  
  111  7:04  Barracks  
  111  7:05  Barracks  
  111  7:08  Marauder x2, Refinery  
  114  7:09  Supply Depot  
  114  7:11  SCV x2  
  95  7:32  Marauder, Marine x2  
  95  7:33  Marauder, Medivac  
  95  7:36  SCV x2  
  98  7:38  Orbital Command  
  98  7:41  Widow Mine  
  98  7:42  Widow Mine  
  102  7:48  SCV x2  
  104  7:52  Barracks Tech Lab, Barracks Reactor  
  104  7:53  Terran Infantry Armor Level 1  
  104  7:56  Marauder x2, Marine x2  
  110  8:02  SCV x2  
  110  8:04  Viking  
  114  8:07  SCV  
  114  8:10  Refinery x2  
  115  8:14  SCV x2  
  115  8:16  Starport  
  117  8:26  Marauder, Marine x2  
  117  8:27  Marauder x2, SCV x3  
  125  8:30  Viking  
  129  8:36  Viking  
  129  8:39  SCV x2  
  133  8:42  Marine x2  
  133  8:44  Marine  
  133  8:48  Marauder x2  
  140  8:50  SCV  
  140  8:51  SCV x2  
  140  8:52  Supply Depot x2  
  140  8:55  Viking  
  145  8:57  Viking  
  145  9:02  Ghost Academy  
  146  9:11  Marauder x3, Marine x3  
  146  9:12  Marine  
  156  9:25  Viking x3  
  156  9:27  Viking  
  160  9:44  Marine  
  160  9:45  Marauder, Marine  
  157  9:46  Marauder x2  
  104  10:01  Marine x2  
  84  10:07  Marauder x2  
  84  10:08  SCV x2  
  87  10:14  Orbital Command  
  87  10:20  SCV x2  
  89  10:22  Marauder, Marine x4  
  97  10:28  Marauder  
  97  10:32  Viking x2, SCV x2  
  101  10:43  Ghost  
  101  10:50  Ghost  
  101  10:52  Liberator  
  101  10:53  Liberator  
  101  10:55  Ghost  
  105  10:57  Liberator  
  105  10:59  Marine x2  
  105  11:01  Marine x2  
  118  11:24  Marauder, Marine x3  
  118  11:25  Marauder x2, Marine  
  123  11:42  Marine x2  
  123  11:46  Marauder x3  
  98  11:59  SCV x3  
Show
View Real Time Build Order
Export as new Build Order

PappiJoe Protoss - Winner!

Build Orders: 1 Gate Expand, Colossus Rush 

Get SALT Encoding   

  12  0:00  Probe  
  13  0:13  Probe  
  14  0:18  Pylon  
  14  0:25  Probe  
  15  0:36  Probe  
  15  0:37  Gateway  
  16  0:44  Probe, Assimilator  
  17  0:53  Probe  
  18  1:05  Probe  
  19  1:17  Probe  
  20  1:24  Cybernetics Core  
  20  1:33  Nexus  
  20  1:35  Probe  
  21  1:42  Pylon  
  21  1:50  Assimilator  
  21  1:53  Probe  
  22  1:57  Adept  
  22  2:03  Warp Gate  
  22  2:05  Probe  
  25  2:13  Probe  
  25  2:21  Probe  
  27  2:32  Probe, Stalker  
  30  2:40  Robotics Facility  
  30  2:43  Probe  
  30  2:44  Probe  
  32  2:51  Probe  
  32  2:56  Probe  
  34  2:59  Probe  
  34  3:02  Stalker  
  37  3:09  Probe  
  37  3:12  Probe  
  38  3:17  Probe  
  39  3:23  Gateway  
  39  3:24  Gateway, Probe  
  41  3:27  Observer  
  41  3:28  Pylon, Probe  
  43  3:35  Pylon  
  43  3:36  Probe  
  43  3:39  Assimilator  
  43  3:40  Probe  
  45  3:48  Probe  
  45  3:49  Observer, Probe, Robotics Bay  
  48  3:57  Probe  
  48  4:00  Probe  
  50  4:06  Probe  
  50  4:08  Pylon  
  51  4:10  Immortal  
  51  4:12  Probe  
  51  4:16  Assimilator  
  56  4:23  Nexus  
  56  4:25  Probe x2  
  58  4:37  Probe  
  58  4:38  Probe, Stalker  
  60  4:49  Probe  
  61  4:53  Colossus  
  61  4:54  Probe  
  60  5:01  Probe  
  60  5:06  Probe  
  68  5:09  Twilight Council  
  68  5:10  Pylon  
  68  5:13  Probe  
  69  5:18  Probe  
  70  5:21  Pylon  
  70  5:25  Pylon  
  70  5:28  Probe  
  71  5:30  Probe  
  71  5:32  Colossus  
  72  5:37  Probe  
  72  5:40  Probe  
  72  5:42  Probe  
  75  5:45  Charge  
  75  5:47  Forge  
  75  5:49  Probe  
  82  5:52  Probe, Extended Thermal Lance  
  82  5:54  Sentry  
  82  5:56  Pylon  
  85  5:57  Probe  
  86  6:10  Probe  
  86  6:15  Pylon  
  86  6:17  Gateway  
  86  6:19  Zealot x3  
  86  6:21  Gateway  
  86  6:22  Colossus  
  86  6:24  Probe x2  
  86  6:25  Shield Battery  
  94  6:35  Pylon  
  100  6:40  Zealot x3  
  100  6:43  Probe  
  100  6:45  Probe  
  108  6:48  Probe  
  109  6:55  Gateway  
  109  6:58  Gateway  
  109  7:01  Stalker x2  
  109  7:02  Stalker  
  116  7:08  Probe x3  
  116  7:13  Stalker  
  118  7:18  Pylon  
  116  7:23  Zealot, Blink  
  116  7:24  Zealot  
  116  7:25  Warp Prism, Zealot x2  
  110  7:32  Protoss Ground Armor Level 1  
  110  7:36  Probe  
  113  7:42  Templar Archives  
  113  7:43  Probe  
  114  7:49  Assimilator  
  114  7:51  Probe, Assimilator  
  115  7:57  Gateway  
  115  8:00  Pylon  
  115  8:04  Zealot x7  
  129  8:16  Immortal  
  133  8:23  Gateway x2  
  133  8:35  High Templar x4  
  133  8:36  High Templar x2  
  133  8:40  Pylon, Archon  
  133  8:41  Archon x2  
  145  8:42  Zealot  
  145  8:44  Pylon x2  
  147  8:49  Forge  
  147  8:50  Pylon  
  147  8:54  Stalker  
  149  8:56  Pylon  
  149  9:03  Stalker  
  149  9:08  Immortal  
  155  9:14  High Templar  
  155  9:15  Zealot, High Templar  
  155  9:16  Zealot x3  
  167  9:17  Psionic Storm  
  167  9:19  Archon  
  165  9:27  Zealot x4  
  169  9:40  Stalker x4  
  125  10:01  Warp Prism  
  125  10:03  Zealot x4  
  125  10:04  Zealot x4  
  131  10:14  Nexus  
  131  10:17  High Templar x2  
  135  10:24  High Templar x4  
  140  10:38  Zealot x4  
  142  10:43  Warp Prism  
  144  10:55  High Templar x2  
  144  10:56  Stalker x3  
  154  10:57  Stalker  
  154  11:03  Pylon, Archon  
  156  11:04  Zealot x2  
  156  11:05  Zealot  
  162  11:16  Zealot  
  164  11:23  Archon  
  164  11:28  High Templar x2  
  164  11:29  Zealot x5  
  164  11:49  Zealot x3  
  164  11:50  Zealot x5  
  168  12:04  Stalker x2  
  168  12:10  Zealot x2  
  168  12:11  Zealot x5  
  168  12:15  Zealot  
Tags
 
Add a new tag
Caveats
  • Supply blocks, unpowered buildings, or Contaminate may cause inaccurate times.
  • Supply counts are checked every 10 seconds.